 Dungeon Crawl Stone Soup version 0.20.0-7-g3b7b877 (webtiles) character file.

53 Jannitor the Firebug (level 3, -1/26 HPs)
             Began as a Draconian Fire Elementalist on May 29, 2017.
             Slain by an orc
             ... wielding a +0 hand axe
              (2 damage)
             ... on level 3 of the Dungeon.
             The game lasted 00:05:18 (1649 turns).

Jannitor the Firebug (Draconian Fire Elementalist)  Turns: 1649, Time: 00:05:19

Health: -1/26      AC:  6    Str: 10    XL:     3   Next: 62%
Magic:  1/6        EV: 12    Int: 16    God:
Gold:   85         SH:  0    Dex: 11    Spells: 2/6 levels left

rFire    . . .     SeeInvis .   e - +0 dagger
rCold    . . .     Gourm    .   (no shield)
rNeg     . . .     Faith    .   (armour unavailable)
rPois    .         Spirit   .   (helmet restricted)
rElec    .         Reflect  .   h - +0 cloak
rCorr    .         Harm     .   (no gloves)
MR       .....                  (no boots)
Stlth    ++........             (no amulet)
Regen    0.1/turn               (no ring)
MPRegen  0.1/turn               (no ring)

@: no status effects
A: unfitting armour, cold-blooded, AC +5
a: no special abilities


You were on level 3 of the Dungeon.
You were near starving.

You visited 1 branch of the dungeon, and saw 3 of its levels.

You collected 85 gold pieces.

Inventory:

Hand Weapons
 e - a +0 dagger (weapon)
Armour
 h - a +0 cloak (worn)
 l - a +0 buckler
Jewellery
 g - an uncursed ring of ice
Scrolls
 c - 2 scrolls of identify
 d - 2 scrolls of enchant weapon
Books
 a - a book of Flames

   Spells                             Type                      Level
   a - Flame Tongue                   Conjuration/Fire             1
   b - Throw Flame                    Conjuration/Fire             2
   c - Conjure Flame                  Conjuration/Fire             3
   d - Inner Flame                    Hexes/Fire                   3
   e - Sticky Flame                   Conjuration/Fire             4
   f - Fireball                       Conjuration/Fire             5
Comestibles
 b - a bread ration
 i - a meat ration


   Skills:
 - Level 1.7 Dodging
 - Level 1.7 Stealth
 - Level 2.0 Spellcasting
 + Level 2.3 Conjurations
 + Level 4.0 Fire Magic


You had 2 spell levels left.
You knew the following spells:

 Your Spells              Type           Power        Failure   Level  Hunger
a - Flame Tongue          Conj/Fire      ##...        5%          1    #......
b - Conjure Flame         Conj/Fire      ##......     17%         3    ###....


Dungeon Overview and Level Annotations

Branches:
Dungeon (3/15)

Altars:

Annotations:
D:2 Natasha, Sigmund
D:3 exclusion: crimson imp


Innate Abilities, Weirdness & Mutations

Your plain brown scales are hard. (AC +5)
You cannot fit into any form of body armour.
You are cold-blooded and may be slowed by cold attacks.


Message History

Confirm with . or Enter, or press ? or * to list all spells.
Aiming: Flame Tongue
Press: ? - help, Shift-Dir - straight line, f/p - orc
Aim: an orc, wielding a short sword of venom (heavily wounded)
The flame tongue hits the giant cockroach.
You kill the giant cockroach!
The orc wizard is no longer moving quickly.
The orc wizard gestures wildly while chanting.
The orc wizard seems to speed up.
Unknown command.
Casting: Flame Tongue
Confirm with . or Enter, or press ? or * to list all spells.
Aiming: Flame Tongue
Press: ? - help, Shift-Dir - straight line, f/p - orc
Aim: an orc, wielding a short sword of venom (heavily wounded)
The flame tongue hits the orc.
You kill the orc!
The dart slug launches a dart at you. The slug dart misses you.
The orc hits you with a hand axe.
You die... # #..#.## ..o #..#.# .. #..#.# .. #..#.# ##. #..#.# #oo

#.o..# #o#
##.#.# #o#
#.#######o#
#....ow)†@#
###########


You could see 3 orc wizards, a dart slug and 3 orcs.

Vanquished Creatures
  3 dart slugs
  5 orcs (D:3)
  A ball python (D:2)
  2 giant cockroaches
  4 hobgoblins
  4 kobolds
  6 bats
  7 frilled lizards
  6 goblins
  3 rats
41 creatures vanquished.

Notes
Turn   | Place    | Note
-------+----------+-------------------------------------------
     0 | D:1      | Jannitor the Draconian Fire Elementalist began the quest for the Orb.
     0 | D:1      | Reached XP level 1. HP: 14/14 MP: 3/3
   166 | D:1      | Reached XP level 2. HP: 12/20 MP: 3/5
   298 | D:1      | You fall through a shaft!
   332 | D:2      | Noticed Sigmund
  1060 | D:1      | Reached XP level 3. HP: 26/26 MP: 4/6
  1353 | D:2      | Noticed Natasha
  1386 | D:1      | Learned a level 3 spell: Conjure Flame
  1569 | D:3      | Reached skill level 4 in Fire Magic
  1647 | D:3      | HP: 1/26 [giant cockroach (2)]
  1649 | D:3      | Slain by an orc

Skill      XL: |  1  2  3 |
---------------+----------+-----
Conjurations   | 2 |  2.3
Fire Magic     | 4 |  4.0
Dodging        | |  1.7
Stealth        | |  1.7
Spellcasting   | |  2.0

Action                   || total
-------------------------++-------
Melee: Dagger            ||    87
       Unarmed           ||     2
       Tailslap          ||     5
 Cast: Flame Tongue      ||    55
       Conjure Flame     ||     2
  Use: Scroll            ||     3
       Potion            ||     1
  Eat: Chunk             ||     2
Armor: Skin              ||    42
Dodge: Dodged            ||    96
